 Dungeon Crawl Stone Soup version 0.26-a0-639-g72c4674329 (webtiles) character file.

Game seed: 17226060960181135168

53 Flugslaktarn the Shield-Bearer (level 3, -2/34 HPs)
             Began as a Deep Dwarf Fighter on Sept 29, 2020.
             Slain by Grinder (3 damage)
             ... while paralysed by Grinder
             ... on level 3 of the Dungeon.
             The game lasted 00:00:23 (371 turns).

Flugslaktarn the Shield-Bearer (Deep Dwarf Fighter)  Turns: 371, Time: 00:00:23

Health: -2/34      AC: 10    Str: 20    XL:     3   Next: 64%
Magic:  3/3        EV:  2    Int:  8    God:
Gold:   50         SH:  0    Dex: 12    Spells: 2/2 levels left

rFire    . . .     SeeInvis .   a - +0 war axe
rCold    . . .     Faith    .   c - +0 kite shield
rNeg     . . .     Spirit   .   b - +0 scale mail
rPois    .         Reflect  .   (no helmet)
rElec    .         Harm     .   (no cloak)
rCorr    .         Rampage  .   (no gloves)
MR       .....                  (no boots)
Stlth    ..........             f - amulet of inaccuracy (curse)
HPRegen  0.00/turn              p - +4 ring of protection
MPRegen  0.08/turn              (no ring)

@: paralysed, non-regenerating
A: damage resistance, heal wounds, sense surroundings 1, no regeneration
a: Heal Wounds


You were on level 3 of the Dungeon.
You visited 1 branch of the dungeon, and saw 3 of its levels.

You collected 50 gold pieces.

Inventory:

Hand Weapons
 a - a +0 war axe (weapon)
Armour
 b - a +0 scale mail (worn)
 c - a +0 kite shield (worn)
Jewellery
 f - a cursed amulet of inaccuracy (around neck)
   (You found it on level 1 of the Dungeon)
 p - a +4 ring of protection (left hand)
   (You found it on level 2 of the Dungeon)
Scrolls
 i - a scroll of fog {unknown}
Potions
 d - a potion of might
 e - a potion of brilliance {unknown}
 g - a potion of curing {unknown}
 h - a potion of magic {unknown}


   Skills:
 * Level 3.2 Fighting
 * Level 3.1 Axes
 + Level 3.6 Armour
 + Level 3.7 Shields


You had 2 spell levels left.
You didn't know any spells.
Your spell library was empty.

Dungeon Overview and Level Annotations

Branches:
Dungeon (3/15)

Altars:

Annotations:
D:3 Grinder


Innate Abilities, Weirdness & Mutations

You are resistant to damage.
You can heal yourself by infusing magical energy.
You passively map a small area around you.
You do not regenerate.


Message History

Grinder is heavily wounded.
Grinder hits you but does no damage. x2
You barely miss Grinder.
Grinder is heavily wounded.
You block Grinder's attack.
You slash Grinder!
Grinder is severely wounded.
Grinder gestures at you.
You suddenly lose the ability to move!
Grinder gestures at you. Pain shoots through your body!
Grinder gestures at you. Pain shoots through your body!
* * * LOW HITPOINT WARNING * * *
Grinder hits you.
You writhe in agony.
* * * LOW HITPOINT WARNING * * *
Grinder hits you.
* * * LOW HITPOINT WARNING * * *
You writhe in agony.
You die...

###########
####........$.
#.<..)..#** *
#.##.##.######.###
*
#.*#.##...@5......
,
....<....#####.###
* ##.#......# *
.........# ,, ,
..#....... * * * *
..##.#.#.# , .
#.#..## ,, # #.# ,
,


You could see Grinder.

Vanquished Creatures
  Jessica (D:2)
  An adder (D:2)
  A worm (D:2)
  An orc (D:3)
  2 bats
  A giant cockroach (D:2)
  A goblin (D:2)
  A hobgoblin (D:2)
  3 kobolds (D:1)
  2 frilled lizards
14 creatures vanquished.

Notes
Turn   | Place    | Note
-------+----------+-------------------------------------------
     0 | D:1      | Flugslaktarn the Deep Dwarf Fighter began the quest for the
                  | Orb.
     0 | D:1      | Reached XP level 1. HP: 20/20 MP: 1/1
   166 | D:2      | Noticed Jessica
   183 | D:2      | Killed Jessica
   183 | D:2      | Reached XP level 2. HP: 25/28 MP: 2/2
   183 | D:2      | Reached XP level 3. HP: 30/34 MP: 3/3
   329 | D:3      | Noticed Grinder
   368 | D:3      | Paralysed by Grinder for 5 turns
   371 | D:3      | HP: 1/34 [Grinder (3)]
   371 | D:3      | Slain by Grinder

Illustrated notes

Levels and vault maps discovered:
D:1:      dpeg_arrival_stone_temple_mockup, layout_loops_ring
D:2:      layout_loops_ring, nicolae_overflow_hidden_temple, uniq_jessica,
          uniq_sigmund
D:3:      layout_loops_ring, kennysheep_generic_room_2, uniq_grinder

Skill      XL: |  1  2  3 |
---------------+----------+-----
Fighting       | 3 |  3.2
Axes           | 3 |  3.1
Armour         | |  3.6
Shields        | |  3.7

Action                   || total
-------------------------++-------
Melee: War axe           ||    83
 Abil: Heal Wounds       ||     3
Armor: Scale mail        ||    48
Dodge: Dodged            ||    22
Block: Kite shield       ||    49

Table legend: (Time is in decaauts)
 A = Elapsed time spent in this place.
 B = Non-inter-level travel time spent in this place.
 C = Inter-level travel time spent in this place.
 D = Time resting spent in this place.
 E = Time spent auto-exploring this place.
 F = Levels seen in this place.
 G = Mean time per level.
                   A        B        C        D        E       F      G
               +--------+--------+--------+--------+--------+-----+--------+
         Total |    406 |    381 |     25 |      0 |    197 |   3 |  135.3 |
       Dungeon |    406 |    381 |     25 |      0 |    197 |   3 |  135.3 |
               +--------+--------+--------+--------+--------+-----+--------+

Top non-repeatable levels by time:
     D:2: 187 daAuts
     D:1: 166 daAuts
     D:3: 52 daAuts
